 Dungeon Sprint DCSS version 0.31-a0-841-g038b102fc3 (webtiles) character file.

Game seed: 6026536538744894423

156 sircluck the Ruffian (level 5, -7/87 HPs)
             Began as a Troll Berserker on Sept 27, 2023.
             Was a Follower of Trog.
             Mangled by a small abomination (20 damage)
             ... in the Dungeon (Sprint VII: "The Pits").
             The game lasted 00:00:07 (29 turns).

sircluck the Ruffian (Troll Berserker)                Turns: 29, Time: 00:00:08

Health: -7/87      AC:  4    Str: 27    XL:     5   Next: 15%
Magic:  4/4        EV: 11    Int:  3    God:    Trog [*.....]
Gold:   0          SH:  0    Dex:  9    Spells: 4/4 levels left

rFire   . .          .
                       - Unarmed
rCold   . . .        (no shield)
rNeg    . . .        a - +0 animal skin
rPois   .            (helmet restricted)
rElec   .            (no cloak)
rCorr   .            (gloves unavailable)
SInv    .            (boots unavailable)
Will    .....        (no amulet) Stlth
                     (no ring)
HPRegen 1.14/turn    (no ring)
MPRegen 0.09/turn

%: no teleportation
@: berserking, very quick
A: large, unfitting armour, claws 3, regeneration 1, shaggy fur 1, tough skin 1
a: Renounce Religion, Berserk


You were in the Dungeon.
You worshipped Trog.
Trog was aware of your devotion.
You visited 1 branch

Inventory:

Armour
 a - a +0 animal skin (worn)
Scrolls
 g - a scroll of blinking
Potions
 b - a potion of curing
 c - a potion of heal wounds
 d - a potion of haste
 e - 2 potions of magic
 f - a potion of berserk rage


   Skills:
 + Level 5.6 Fighting
 + Level 5.5 Dodging
 + Level 6.7 Unarmed Combat


You had 4 spell levels left.
You didn't know any spells.
Your spell library was empty.

Dungeon Overview and Level Annotations

Branches:
Dungeon (1/1)

Altars:


Innate Abilities, Weirdness & Mutations

You are too large for most types of armour.
You have claws for hands.
Your natural rate of healing is unusually fast.
You are covered in fur. (AC +1)
You have tough skin. (AC +1)


Message History

A red film seems to cover your vision as you go berserk!
You feel yourself moving faster!
You feel mighty!
You feel a strong urge to attack something.
You claw the spriggan!
The spriggan is moderately wounded.
The spriggan hits you with a +0 dagger!
You miss the spriggan.
The spriggan is moderately wounded.
The spriggan hits you but does no damage.
You miss the spriggan.
The spriggan is moderately wounded.
You claw the spriggan!
The spriggan is severely wounded.
The small abomination barely misses you.
The spriggan hits you with a +0 dagger.
You claw the spriggan!
You kill the spriggan!
Trog accepts your kill. The small abomination hits you!
Your Fighting skill gained 3 levels and is now at level 5!
Your Dodging skill gained 3 levels and is now at level 5!
Your Unarmed Combat skill gained 3 levels and is now at level 6!
You have reached level 2!
You have reached level 3!
Your experience leads to an increase in your attributes!
Increase (S)trength, (I)ntelligence, or (D)exterity?
You feel stronger. x3
You have reached level 4!
You have reached level 5!
Unknown command.
Unknown command.
You completely miss the small abomination.
You claw the small abomination!
The small abomination is moderately damaged.
The small abomination hits you!
* * * LOW HITPOINT WARNING * * *
You scratch the small abomination.
The small abomination is heavily damaged.
The small abomination hits you!!
You die...

##########++######
#................#
#......#..#......#
#................+
+................+
#......#..#......#
#................#
####'#####'@######
#.......##x)#
#.......##...
#.......##....
#...<...##.....
#.......##...###
#.......##..##
#.......##++#
#########


You could see a small abomination.

Vanquished Creatures
  A spriggan (D)
1 creature vanquished.

Notes
Turn   | Place    | Note
-------+----------+-------------------------------------------
     0 | D        | sircluck the Troll Berserker began the quest for the Orb.
     0 | D        | Reached XP level 1. HP: 22/22 MP: 0/0
    19 | D        | Noticed a small abomination
    19 | D        | Noticed a spriggan
    26 | D        | Killed a spriggan
    27 | D        | Reached skill level 5 in Fighting
    27 | D        | Reached skill level 5 in Dodging
    27 | D        | Reached skill level 6 in Unarmed Combat
    27 | D        | Reached XP level 2. HP: 17/35 MP: 1/1
    27 | D        | Reached XP level 3. HP: 20/42 MP: 2/2
    27 | D        | Reached XP level 4. HP: 24/50 MP: 3/3
    27 | D        | Reached XP level 5. HP: 28/58 MP: 4/4
    29 | D        | Mangled by a small abomination

Illustrated notes

Levels and vault maps discovered:
D:        pitsprint [storerooms_1, entrance_room_1, metal_vault_4, armoury_1,
          mini_pit_1, grid_room_1, main_hall_1, silver_pit, the_coven_1,
          the_vestibule_1, steel_vault_1, golden_pit, hallway_of_sentries,
          crystal_vault_2, iron_vault_4, final_vault]

Skill      XL: |  1 |
---------------+----+-----
Fighting       | 5 |  5.6
Dodging        | 5 |  5.5
Unarmed Combat | 6 |  6.7

Action                     |  1- 3 |  4- 6 || total
---------------------------+-------+-------++-------
  Melee: Unarmed           |     5 |     3 ||     8
 Invoke: Berserk           |     1 |       ||     1
 Armour: Animal skin       |     4 |     2 ||     6
  Dodge: Dodged            |     1 |       ||     1

Table legend: (Time is in decaauts)
 A = Elapsed time spent in this place.
 B = Non-inter-level travel time spent in this place.
 C = Inter-level travel time spent in this place.
 D = Time resting spent in this place.
 E = Time spent auto-exploring this place.
 F = Levels seen in this place.
 G = Mean time per level.
                   A        B        C        D        E       F      G
               +--------+--------+--------+--------+--------+-----+--------+
         Total |     26 |     26 |      0 |      0 |      0 |   1 |   26.0 |
       Dungeon |     26 |     26 |      0 |      0 |      0 |   1 |   26.0 |
               +--------+--------+--------+--------+--------+-----+--------+

Top non-repeatable levels by time:
       D: 26 daAuts
